 Dungeon Crawl Stone Soup version 0.19.4-8-ga85b6b9 (webtiles) character file.

303 Lennu the Skirmisher (level 6, -6/48 HPs)
             Began as a Demonspawn Fighter on Feb 6, 2017.
             Mangled by an ogre
             ... wielding a +0 giant spiked club
              (18 damage)
             ... on level 4 of the Dungeon.
             The game lasted 00:08:37 (2550 turns).

Lennu the Skirmisher (Demonspawn Fighter)           Turns: 2550, Time: 00:08:37

Health: -6/48      AC:  5    Str: 14 (17) XL:     6   Next: 15%
Magic:  6/6        EV:  9    Int:  7 (9)  God:
Gold:   201        SH:  9    Dex: 14      Spells: 0 memorised, 5 levels left

rFire  + . .     SeeInvis .     a - +0 long sword
rCold  . . .     Gourm    .     s - +0 ring mail
rNeg   . . .     Faith    .     c - +0 shield
rPois  .         Spirit   .     (helmet restricted)
rElec  .         Reflect  .     (no cloak)
rCorr  +         Harm     .     (no gloves)
MR     .....                    (no boots)
Stlth  +.........               e - amulet of regeneration
                                p - ring of resist corrosion
                                k - ring of protection from fire

@: no status effects
A: horns 1, rot immunity
a: no special abilities


You were on level 4 of the Dungeon.
You were not hungry.

You visited 1 branch of the dungeon, and saw 4 of its levels.

You collected 201 gold pieces.

Inventory:

Hand Weapons
 a - a +0 long sword (weapon)
Armour
 b - a +0 scale mail
 c - a +0 shield (worn)
 s - a +0 ring mail (worn)
Jewellery
 e - an amulet of regeneration (around neck)
 k - a ring of protection from fire (left hand)
 p - a ring of resist corrosion (right hand)
Wands
 t - a wand of digging (1/24)
Scrolls
 h - 2 scrolls of enchant armour {unknown}
 j - a scroll of amnesia
 n - 2 scrolls of fear
 r - a scroll of random uselessness {unknown}
 w - a scroll of remove curse {unknown}
 x - a scroll of magic mapping {unknown}
Comestibles
 f - 3 bread rations
 g - 2 slices of pizza
 m - 2 chunks of flesh
 u - a beef jerky


   Skills:
 * Level 4.0 Fighting
 * Level 3.4 Long Blades
 * Level 3.5 Armour
 * Level 1.6 Dodging
 * Level 3.8 Shields


You had 5 spell levels left.
You didn't know any spells.

Dungeon Overview and Level Annotations

Branches:
Dungeon (4/15)
 Temple: D:4-7

Altars:
The Shining One

Shops:
D:4 (


Innate Abilities, Weirdness & Mutations

You have a pair of small horns on your head.
You are immune to rotting.


Message History

HP restored.
Found a glowing golden altar of the Shining One.
You now have 201 gold pieces (gained 18).
Found a dagger.
There is a glowing golden altar of the Shining One here.
f - 3 bread rations (gained 1)
An ogre comes into view. It is wielding a giant spiked club.
The ogre shouts!
You block the ogre's attack.
Some of the chunks of flesh in your inventory have rotted away.
You closely miss the ogre.
The ogre hits you with a giant spiked club!
You slash the ogre!
The ogre is moderately wounded.
The ogre hits you with a giant spiked club!!
* * * LOW HITPOINT WARNING * * *
You hit the ogre.
The ogre is heavily wounded.
The ogre hits you with a giant spiked club!!
You die...

. .......# . ... #......
≈♣ . ... #.#...## P #
#.# #......## P P
####.#####.......# .# .≈
#.......##.......##.#...
#....##.##............#
#.....#.##............#
...._...........@.....#
#.#.....##.......O.PP.≈≈
#.##....##......)..≈≈≈≈≈
#.......##.........≈≈♣P≈
####.#####......#.P.P...
####.#######............
............#........###
...#........#........#
...#......#....


You could see an ogre.

Vanquished Creatures
  Purgy (D:4)
  An iguana (D:4)
  Natasha (thrice) (D:2)
  3 adders
  A worm (D:2)
  A dart slug (D:1)
  3 leopard geckos
  An orc (D:4)
  6 bats
  3 giant cockroaches
  5 goblins
  9 hobgoblins
  10 jackals
  A quokka (D:3)
  7 frilled lizards
  9 kobolds
  A quokka skeleton (D:3)
  8 rats
73 creatures vanquished.

Notes
Turn   | Place    | Note
-------+----------+-------------------------------------------
     0 | D:1      | Lennu the Demonspawn Fighter began the quest for the Orb.
     0 | D:1      | Reached XP level 1. HP: 18/18 MP: 1/1
   178 | D:1      | Gained mutation: You have a pair of small horns on your head. [demonic ancestry]
   178 | D:1      | Reached XP level 2. HP: 24/24 MP: 2/2
   806 | D:2      | Reached XP level 3. HP: 18/29 MP: 3/3
  1027 | D:2      | Noticed Natasha
  1052 | D:2      | Killed Natasha
  1182 | D:2      | Reached XP level 4. HP: 27/35 MP: 4/4
  1382 | D:2      | Noticed Natasha
  1389 | D:2      | Killed Natasha
  1517 | D:2      | Noticed Natasha
  1521 | D:2      | Killed Natasha
  1521 | D:2      | Reached skill level 1 in Dodging
  1571 | D:2      | Gained mutation: You are immune to rotting. [demonic ancestry]
  1571 | D:2      | Reached XP level 5. HP: 34/41 MP: 5/5
  2246 | D:4      | Found Yvved's Antique Weapon Shoppe.
  2419 | D:4      | Noticed Purgy
  2442 | D:4      | HP: 2/42 [Purgy (7)]
  2449 | D:4      | Killed Purgy
  2449 | D:4      | Reached skill level 4 in Fighting
  2449 | D:4      | Reached XP level 6. HP: 11/48 MP: 6/6
  2515 | D:4      | Found a glowing golden altar of the Shining One.
  2550 | D:4      | Mangled by an ogre

Skill      XL: |  1  2  3  4  5 |
---------------+----------------+-----
Long Blades    | 2 3 |  3.4
Shields        | 3 |  3.8
Armour         | 3 |  3.5
Dodging        | 1 |  1.6
Fighting       | 4 |  4.0

Action                   |  1- 3 |  4- 6 || total
-------------------------+-------+-------++-------
Melee: Long sword        |   122 |   147 ||   269
       Headbutt          |    11 |    24 ||    35
  Use: Scroll            |     5 |       ||     5
       Potion            |       |     6 ||     6
  Eat: Chunk             |     1 |     5 ||     6
Armor: Scale mail        |    58 |    14 ||    72
       Ring mail         |       |    67 ||    67
Dodge: Dodged            |    37 |    81 ||   118
Block: Shield            |    85 |   108 ||   193
       Rpst.: Long sword |    14 |    24 ||    38
